 Dungeon Crawl Stone Soup version 0.24-a0-530-g18ba70b503 (webtiles) character file.

Game seed: 14854985063232004814

0 Gargoyl the Skirmisher (level 1, -11/19 HPs)
             Began as a Centaur Abyssal Knight on Aug 8, 2019.
             Was a Follower of Lugonu.
             Mangled by a tentacled starspawn (21 damage)
             ... on level 2 of the Abyss.
             The game lasted 00:00:57 (180 turns).

Gargoyl the Skirmisher (Centaur Abyssal Knight)      Turns: 180, Time: 00:00:58

Health: -11/19     AC:  4    Str: 14    XL:     1   Next: 0%
Magic:  2/2        EV:  9    Int: 11    God:    Lugonu [*.....]
Gold:   33         SH:  0    Dex:  8    Spells: 0/0 levels left

rFire    . . .     SeeInvis .   a - +1 hand axe
rCold    . . .     Gourm    .   (no shield)
rNeg     . . .     Faith    .   b - +0 leather armour
rPois    .         Spirit   .   (no helmet)
rElec    .         Reflect  .   (no cloak)
rCorr    .         Harm     .   (no gloves)
MR       .....                  (no barding)
Stlth    ..........             (no amulet)
HPRegen  0.06/turn              (no ring)
MPRegen  0.08/turn              (no ring)

@: very quick
A: large, hooves 3, deformed body, speed 2, tough skin 3
a: Depart the Abyss, Renounce Religion


You were on level 2 of the Abyss.
You worshipped Lugonu.
Lugonu was aware of your devotion.
You were not hungry.

You visited 0 branches of the dungeon, and saw 0 of its levels.
You visited the Abyss 1 time.

You collected 33 gold pieces.

Inventory:

Hand Weapons
 a - a +1 hand axe (weapon)
Armour
 b - a +0 leather armour (worn)
Comestibles
 c - a ration


   Skills:
 + Level 3.0 Fighting
 + Level 1.7 Axes
 + Level 1.3 Armour
 + Level 0.6 Dodging
 + Level 2.0 Invocations


You couldn't memorise any spells.
You didn't know any spells.
Your spell library was empty.

Dungeon Overview and Level Annotations

Branches:
Dungeon (0/15)

Altars:


Innate Abilities, Weirdness & Mutations

You have hooves in place of feet.
Armour fits poorly on your strangely shaped body.
You cover ground very quickly.
You have extremely tough skin. (AC +3)


Message History

The starspawn tentacle's grasp on you weakens, but your attempt to escape fails.
The lurking horror explodes!
Your body is wracked with pain!
The starspawn tentacle loses its grip on you.
The tentacle pulls you backwards!
The starspawn tentacle barely misses you. 2 starspawn tentacle segments come into view.
You slash the starspawn tentacle!
You kick the starspawn tentacle, but do no damage.
The starspawn tentacle is moderately damaged.
You barely miss the starspawn tentacle segment.
You hit the starspawn tentacle segment but do no damage.
The starspawn tentacle barely misses you. 2 starspawn tentacle segments come into view.
Okay, then.
Unknown command.
An iron imp comes into view.
The tentacled starspawn bites you!!
Ouch! That really hurt!
You die...

#.## . ##.# ##
.. . #.###.#.
..######.#....#
# §..#.#.#.. .#
#...#..#x## .#.
.#..#...#.#
...#
.......#X.#
.....
.....#@│.#....#
..#...#w..#
.#...#5.#.#
..5###.#.##.#
.. #.... ##
.##... .# ...##
.. .#.# .. . .#


You could see a tentacled starspawn, a small abomination, a starspawn tentacle
and an iron imp.

Vanquished Creatures (others)
  A lurking horror (Abyss:2)
  A starspawn tentacle (Abyss:2)
2 creatures vanquished.

Notes
Turn   | Place    | Note
-------+----------+-------------------------------------------
     0 | Abyss:1  | Gargoyl the Centaur Abyssal Knight began the quest for the
                  | Orb.
     0 | Abyss:1  | Reached XP level 1. HP: 19/19 MP: 2/2
    36 | Abyss:2  | Noticed a brown very ugly thing
    36 | Abyss:2  | Noticed a brown very ugly thing
    65 | Abyss:2  | Noticed a small abomination
    76 | Abyss:2  | Noticed a starcursed mass
    94 | Abyss:2  | Noticed a freezing wraith
   118 | Abyss:2  | Noticed a daeva
   137 | Abyss:2  | Noticed an ancient zyme
   156 | Abyss:2  | Noticed a chaos spawn
   170 | Abyss:2  | Noticed a tentacled starspawn
   177 | Abyss:2  | Noticed a quasit
   177 | Abyss:2  | Noticed a thrashing horror
   180 | Abyss:2  | Noticed an iron imp
   180 | Abyss:2  | Mangled by a tentacled starspawn

Levels and vault maps discovered:
Abyss:2

Action                   || total
-------------------------++-------
Melee: Hand axe          ||     1
       Kick              ||     1
  Use: Scroll            ||     1
       Potion            ||     1
Dodge: Dodged            ||     3

Table legend:
 A = Non-vault XP
 B = Vault XP
 C = Vault XP percentage of total XP
 D = Non-vault monster count
 E = Vault monster count
 F = Vault count percentage of total count
                 A         B        C        D         E       F
            +---------+---------+-------+---------+---------+-------
      Total |       0 |       0 |   N/A |       0 |       0 |  -nan
            +---------+---------+-------+---------+---------+-------
            +---------+---------+-------+---------+---------+-------
